 Dungeon Crawl Stone Soup version 0.28-a0-1130-gc51a68064b (webtiles) character file.

Game seed: 14876358049052123067

2255 bande the Chopper (level 9, 0/54 HPs)
             Began as a Gargoyle Fighter on Dec 13, 2021.
             Was a Believer of Okawaru.
             Slain by an orc warrior (6 damage)
             ... on level 6 of the Dungeon.
             The game lasted 00:13:34 (8182 turns).

bande the Chopper (Gargoyle Fighter)                Turns: 8182, Time: 00:13:35

Health: 0/54       AC: 18    Str: 20    XL:     9   Next: 37%
Magic:  11/11      EV:  9    Int:  9    God:    Okawaru [**....]
Gold:   217        SH:  5    Dex: 15    Spells: 8/8 levels left

rFire   + . .      SeeInvis .   w - +2 hand axe (freeze)
rCold   + . .      Faith    +   c - +0 buckler
rNeg    + . .      Spirit   .   u - +1 scale mail {rC+}
rPois   ∞          Reflect  .   j - +0 helmet
rElec   +          Harm     .   m - +1 cloak
rCorr   .          Rampage  .   (no gloves)
Will    .....                   (no boots)
Stlth   ..........              i - amulet of faith
HPRegen 0.18/turn               f - ring of flight
MPRegen 0.12/turn               (no ring)

@: flying, studying Transmutations
A: sickness immunity, AC +6, negative energy resistance 1, electricity
resistance, torment resistance 1, petrification resistance, agile 1, fire
resistance 1
a: Renounce Religion, Heroism


You were on level 6 of the Dungeon.
You worshipped Okawaru.
Okawaru was pleased with you.
You visited 2 branches of the dungeon, and saw 7 of its levels.

You collected 217 gold pieces.

Inventory:

Hand Weapons
 a - a +0 war axe
 p - a +0 war axe
 w - a +2 hand axe of freezing (weapon)
 x - a +3 flail of protection
Armour
 c - a +0 buckler (worn)
 j - a +0 helmet (worn)
 m - a +1 cloak (worn)
 u - a +1 scale mail of cold resistance (worn)
Jewellery
 e - a ring of wizardry
 f - a ring of flight (left hand)
 i - an amulet of faith (around neck)
 q - an amulet of the acrobat
Wands
 r - a wand of iceblast (6)
 t - a wand of polymorph (6)
 v - a wand of flame (19)
Scrolls
 b - a scroll of silence
 g - 3 scrolls of teleportation
Potions
 h - a potion of haste
 k - a potion of curing
 l - a potion of brilliance {unknown}
 n - a potion of berserk rage {unknown}
 s - a potion of degeneration {unknown}


   Skills:
 + Level 5.4 Fighting
 + Level 6.5 Axes
 + Level 6.3 Armour
 + Level 4.8 Shields
 * Level 5.4 Transmutations
 * Level 3.6 Invocations
 * Level 3.2 Evocations


You had 8 spell levels left.
You didn't know any spells.
Your spell library contained the following spells:

 Spells                   Type           Power      Damage    Failure   Level
 Petrify                  Tmut/Erth      4%         N/A       98%         4
 Metabolic Englaciation   Hex/Ice        0%         N/A       100%        5
 Statue Form              Tmut/Erth      Unusable   N/A       N/A         6

Dungeon Overview and Level Annotations

Branches:
Dungeon (6/15)             Temple (1/1) D:4

Altars:
Cheibriados
Elyvilon
Fedhas
Gozag
Hepliaklqana
Kikubaaqudgha
Nemelex Xobeh
Okawaru
Qazlal
Ru
Sif Muna
Trog
Uskayaw
Vehumet
Wu Jian
Xom
Yredelemnul
Zin


Innate Abilities, Weirdness & Mutations

You are immune to sickness and miasma.
Your stone body is resilient. (AC +6)
You are immune to poison.
You resist negative energy. (rN+)
You are resistant to electric shocks. (rElec)
You are resistant to unholy torment.
You are immune to petrification.
You are agile. (Dex +2)
Your flesh is heat resistant. (rF+)


Message History

You slash the orc priest! You freeze the orc priest.
You kill the orc priest!
Okawaru accepts your kill.
You hit the orc warrior but do no damage.
You hit the kobold brigand. You freeze the kobold brigand.
The orc warrior completely misses you. You block the kobold brigand's attack.
The orc warrior hits you with a +0 long sword!
You block the kobold brigand's attack.
Things that are here:
a +3 short sword; an orc corpse Unknown command.
You hit the orc warrior but do no damage.
The orc warrior is lightly wounded.
You barely miss the kobold brigand.
The orc warrior hits you with a +0 long sword.
* * * LOW HITPOINT WARNING * * *
The kobold brigand closely misses you.
Unknown command.
You hit the orc warrior. You freeze the orc warrior.
The orc warrior is moderately wounded.
You closely miss the kobold brigand.
The orc warrior hits you but does no damage.
The kobold brigand hits you with a +0 short sword.
* * * LOW HITPOINT WARNING * * *
You hit the orc warrior but do no damage.
The orc warrior is moderately wounded.
You closely miss the kobold brigand. You block the orc warrior's attack.
The kobold brigand hits you with a +0 short sword.
* * * LOW HITPOINT WARNING * * *
Unknown command.
You hit the orc warrior but do no damage.
The orc warrior is moderately wounded.
You hit the kobold brigand. You freeze the kobold brigand.
The orc warrior hits you but does no damage.
You block the kobold brigand's attack.
You hit the orc warrior but do no damage.
The orc warrior is moderately wounded.
You hit the kobold brigand. You freeze the kobold brigand.
The orc warrior hits you with a +0 long sword.
You die...

######.......
#>...........
####.####..##.##
..#####...[.<.(.....#
..............[..####
..##..#.##.###[..#
#..#.##.# #.[.#
#..#.##.# #...#
#.@...#.# #...#
#.....oK....# #...#
#..................
#.###../....###.....
# #.....#.# #....##
#..####.# #.#### ...#
.# ##...


You could see an orc warrior and a kobold brigand.

Vanquished Creatures
  A two-headed ogre (D:5)
  Sigmund (D:2)
  Edmund (D:5)
  An orc warrior (D:6)
  A hornet zombie (D:6)
  A black bear (D:5)
  A necrophage (D:5)
  A centaur (D:6)
  An ice beast (D:5)
  2 scorpions
  4 wights
  A howler monkey (D:5)
  A jelly (D:5)
  3 hounds (D:5)
  An orc priest (D:6)
  Crazy Yiuf (D:2)
  Jessica (D:2)
  Ijyb (D:5)
  2 iguanas
  3 orc wizards
  A hound zombie (D:5)
  7 adders
  2 ufetubi
  An adder skeleton (D:4)
  4 worms
  20 orcs
  5 ball pythons
  5 bats
  9 endoplasms
  4 goblins
  6 hobgoblins
  4 jackals (D:1)
  A quokka (D:5)
  A frilled lizard (D:2)
  14 kobolds
  5 rats
118 creatures vanquished.

Notes
Turn   | Place    | Note
-------+----------+-------------------------------------------
     0 | D:1      | bande the Gargoyle Fighter began the quest for the Orb.
     0 | D:1      | Reached XP level 1. HP: 14/14 MP: 1/1
   393 | D:1      | Reached XP level 2. HP: 19/19 MP: 2/2
   584 | D:1      | Identified a scroll of acquirement
   584 | D:1      | Acquired a manual of Transmutations
   858 | D:1      | Found a faded altar of an unknown god.
   863 | D:1      | Reached XP level 3. HP: 24/24 MP: 3/3
  1248 | D:2      | Noticed Jessica
  1257 | D:2      | Reached skill level 1 in Transmutations
  1288 | D:2      | Reached XP level 4. HP: 16/29 MP: 4/4
  1499 | D:2      | Killed Jessica
  1569 | D:2      | Reached XP level 5. HP: 33/33 MP: 5/5
  1675 | D:2      | Noticed Sigmund
  1683 | D:2      | Killed Sigmund
  1684 | D:2      | Reached XP level 6. HP: 38/38 MP: 6/6
  1825 | D:2      | Found a runed translucent door.
  1826 | D:2      | Noticed Crazy Yiuf
  1833 | D:2      | Killed Crazy Yiuf
  2356 | D:3      | Reached XP level 7. HP: 39/43 MP: 7/7
  2499 | D:3      | Found a sacrificial altar of Ru.
  2978 | D:4      | Gained mutation: You are agile. (Dex +2) [potion of
                  | mutation]
  2978 | D:4      | Gained mutation: Your flesh is heat resistant. (rF+)
                  | [potion of mutation]
  3216 | D:4      | Found a staircase to the Ecumenical Temple.
  3224 | Temple   | Entered the Ecumenical Temple
  3348 | Temple   | Became a worshipper of Warmaster Okawaru
  3510 | D:5      | Entered Level 5 of the Dungeon
  3567 | D:5      | Noticed Ijyb
  3570 | D:5      | Reached skill level 5 in Axes
  3570 | D:5      | Reached skill level 1 in Evocations
  3582 | D:5      | Killed Ijyb
  3624 | D:5      | Reached skill level 1 in Invocations
  4014 | D:5      | Reached XP level 8. HP: 32/48 MP: 7/9
  4487 | D:5      | Noticed a two-headed ogre
  4505 | D:5      | Killed a two-headed ogre
  4505 | D:5      | Reached * piety under Okawaru
  4505 | D:5      | Reached ** piety under Okawaru
  4506 | D:5      | Reached skill level 5 in Fighting
  4506 | D:5      | Reached skill level 5 in Armour
  5142 | D:5      | Reached skill level 5 in Transmutations
  5142 | D:5      | Reached XP level 9. HP: 15/54 MP: 11/11
  5635 | D:6      | Noticed Edmund
  5819 | D:5      | HP: 1/54 [Edmund (7)]
  5834 | D:5      | Killed Edmund
  8182 | D:6      | Slain by an orc warrior

Illustrated notes

Levels and vault maps discovered:
D:1:      psy_arrival_whirlpool, layout_rooms, hellmonk_ecumenical_altar_run_dry
D:2:      layout_rooms, uniq_sigmund, uniq_crazy_yiuf_cottage, uniq_jessica
D:3:      layout_rooms, nicolae_ru_awakened_eye
D:4:      layout_cave_pools, minmay_temple_entry_nine_rooms
D:5:      layout_gridville, amcnicky_mini_corridor_feature,
          minmay_misc_feat_encased, uniq_ijyb
D:6:      layout_loops_ring, lemuel_tele_altar, uniq_edmund
Temple:   minmay_crystal_spiral_temple

Skill      XL: |  1  2  3  4  5  6  7  8  9 |
---------------+----------------------------+-----
Axes           | 2 3 4 5 6 |  6.5
Transmutations | 1 2 3 4 5 |  5.4
Fighting       | 4 5 |  5.4
Armour         | 4 5 6 |  6.3
Shields        | 4 |  4.8
Evocations     | 1 2 3 |  3.2
Invocations    | 1 3 |  3.6

Action                   |  1- 3 |  4- 6 |  7- 9 || total
-------------------------+-------+-------+-------++-------
Melee: War axe           |    73 |    72 |   163 ||   308
       Hand axe          |       |       |   153 ||   153
  Use: Scroll            |     3 |     1 |     7 ||    11
       Potion            |       |     1 |     5 ||     6
Armor: Scale mail        |    54 |    15 |   185 ||   254
       Chain mail        |       |    33 |    36 ||    69
Dodge: Dodged            |    38 |    25 |   155 ||   218
Block: Buckler           |    25 |     9 |   102 ||   136

Table legend: (Time is in decaauts)
 A = Elapsed time spent in this place.
 B = Non-inter-level travel time spent in this place.
 C = Inter-level travel time spent in this place.
 D = Time resting spent in this place.
 E = Time spent auto-exploring this place.
 F = Levels seen in this place.
 G = Mean time per level.
                   A        B        C        D        E       F      G
               +--------+--------+--------+--------+--------+-----+--------+
         Total |   8295 |   8167 |    128 |   4044 |   2705 |   7 | 1185.0 |
       Dungeon |   8087 |   8041 |     46 |   4044 |   2599 |   6 | 1347.8 |
        Temple |    207 |    125 |     82 |      0 |    106 |   1 |  207.0 |
               +--------+--------+--------+--------+--------+-----+--------+

Top non-repeatable levels by time:
     D:5: 4147 daAuts
     D:1: 1198 daAuts
     D:2: 795 daAuts
     D:3: 736 daAuts
     D:4: 644 daAuts
     D:6: 565 daAuts
  Temple: 207 daAuts
